 Dungeon Crawl Stone Soup version 0.29.1-1-gd02db69 (webtiles) character file.

Game seed: 4557340630059092797

34 Kel the Trooper (level 3, -2/39 HPs)
             Began as an Ogre Cinder Acolyte on Jan 26, 2023.
             Was a High Priest of Ignis.
             Slain by an adder (3 damage)
             ... on level 2 of the Dungeon.
             The game lasted 00:04:26 (1631 turns).

Kel the Trooper (Ogre Cinder Acolyte)               Turns: 1631, Time: 00:04:27

Health: -2/39      AC:  3    Str: 20    XL:     3   Next: 31%
Magic:  5/6        EV:  7    Int: 19    God:    Ignis [*****.]
Gold:   147        SH:  0    Dex:  4    Spells: 4/6 levels left

rFire   . . .      SeeInvis +   a - -1 hand axe (flame)
rCold   . . .      Faith    .   p - +0 kite shield
rNeg    + + .      Spirit   .   b - +0 robe
rPois   .          Reflect  .   (helmet restricted)
rElec   .          Harm     .   (no cloak)
rCorr   .          Rampage  .   (gloves unavailable)
Will    .....                   (boots unavailable)
Stlth   +.........              q - amulet of Mij Ises {Acrobat rF- rN+ Int+4}
HPRegen 0.13/turn               (no ring)
MPRegen 0.10/turn               o - ring "Fifyw" {rN+ SInv}

@: confused, lethally poisoned (-2 -> -3)
A: large, unfitting armour, tough skin 1
a: Renounce Religion, Fiery Armour, Foxfire Swarm, Rising Flame


You were on level 2 of the Dungeon.
You worshipped Ignis.
Ignis was extremely pleased with you.
You visited 1 branch of the dungeon, and saw 3 of its levels.

You collected 147 gold pieces.

Inventory:

Hand Weapons
 a - a -1 hand axe of flaming (weapon)
Armour
 b - a +0 robe (worn)
 p - a +0 kite shield (worn)
Jewellery
 i - an amulet of guardian spirit
 o - the ring "Fifyw" (right hand) {rN+ SInv}
   (You found it on level 2 of the Dungeon)

   [ring of see invisible]

   rN:        It protects you from negative energy.
   SInv:      It lets you see invisible.
 q - the amulet of Mij Ises (around neck) {Acrobat rF- rN+ Int+4}
   (You found it on level 2 of the Dungeon)

   [amulet of the acrobat]

   It increases your evasion while moving and waiting.
   Int:       It affects your intelligence (+4).
   rF:        It makes you vulnerable to fire.
   rN:        It protects you from negative energy.
Scrolls
 c - a scroll of acquirement {unknown}
 d - a scroll of enchant armour {unknown}
 g - 2 scrolls of brand weapon {unknown}
 h - 4 scrolls of poison {unknown}
 j - 3 scrolls of identify {unknown}
 k - a scroll of blinking {unknown}
 l - a scroll of enchant weapon {unknown}
 m - a scroll of fear {unknown}
 n - a scroll of vulnerability {unknown}
Potions
 e - 2 potions of flight {unknown}
 f - a potion of cancellation {unknown}
 r - a potion of attraction {unknown}
 s - a potion of brilliance {unknown}


   Skills:
 - Level 4.0 Fighting
 + Level 3.4 Axes
 + Level 2.2 Spellcasting
 + Level 3.1 Fire Magic


You had 4 spell levels left.
You knew the following spells:

 Your Spells              Type           Power      Damage    Failure   Level
a - Scorch                Fire           28%        2d6       19%         2

Your spell library contained the following spells:

 Spells                   Type           Power      Damage    Failure   Level
 Summon Forest            Summ/Tloc      1%         N/A       100%        5
 Summon Mana Viper        Hex/Summ       2%         N/A       100%        5
 Summon Cactus Giant      Summ           1%         N/A       100%        6


Dungeon Overview and Level Annotations

Branches:
Dungeon (3/15)

Altars:
Elyvilon


Innate Abilities, Weirdness & Mutations

You are too large for most types of armour.
You have tough skin. (AC +1)


Message History

The orc wizard points at you and mumbles some strange words.
You are more confused.
The adder barely misses you. The adder bites you but does no damage.
The orc hits you with a +0 short sword.
The orc wizard gestures at you while chanting.
The magic dart hits you!
You climb upwards.
There is a stone staircase leading down here.
You're too confused to move!
The adder closely misses you.
The orc wizard hits you but does no damage.
The orc hits you with a +0 short sword. The adder barely misses you.
You hit the orc wizard but do no damage.
The orc wizard is heavily wounded.
You miss the adder. You barely miss the orc.
The orc wizard hits you but does no damage.
The orc hits you with a +0 short sword. The adder bites you but does no damage.
The orc wizard points at you and mumbles some strange words.
The magic dart hits you. The orc hits you with a +0 short sword.
You're too confused to move!
The adder bites you.
You are poisoned.
The adder poisons you!
The orc wizard hits you with a +0 dagger.
The orc hits you with a +0 short sword. The adder bites you.
* * * LOW HITPOINT WARNING * * *
You bump into the rock wall.
You feel sick. The adder barely misses you.
The orc wizard hits you with a +0 dagger.
* * * LOW HITPOINT WARNING * * *
The orc hits you with a +0 short sword.
* * * LOW HITPOINT WARNING * * *
The orc wizard attacks as you move away!
The orc wizard hits you but does no damage.
* * * LOW HITPOINT WARNING * * *
You feel sick. The orc completely misses you.
You bump into the rock wall.
* * * LOW HITPOINT WARNING * * *
You feel sick. The adder barely misses you. The orc wizard barely misses you.
The orc hits you with a +0 short sword.
* * * LOW HITPOINT WARNING * * *
The adder bites you.
You die...

# ##### ##### #...# #....
#...#### ##### #....
#...#..# #...# #....
#...#..##### #...# #....
#..........####...###....
#.....####...............
#...#.#.@S...............
#...#.##oo.##............
#####..###...............
##..#####............
##.# #............ #.#
#.#.##....... #.#
#.#..........
#######.#####.###........
#....##..##..............


You could see an orc wizard, an adder and an orc.

Vanquished Creatures
  2 dart slugs
  2 bats (D:2)
  An endoplasm (D:2)
  2 giant cockroaches (D:1)
  2 hobgoblins
  4 kobolds
  A quokka (D:1)
  7 ball pythons
  5 frilled lizards
  A goblin (D:1)
  3 rats
30 creatures vanquished.

Notes
Turn   | Place    | Note
-------+----------+-------------------------------------------
     0 | D:1      | Kel the Ogre Cinder Acolyte began the quest for the Orb.
     0 | D:1      | Reached XP level 1. HP: 24/24 MP: 2/2
   260 | D:1      | Reached XP level 2. HP: 32/32 MP: 4/4
   953 | D:1      | Learned a level 2 spell: Scorch
  1062 | D:2      | Found a white marble altar of Elyvilon.
  1200 | D:2      | Reached XP level 3. HP: 37/39 MP: 3/6
  1352 | D:2      | Identified the ring "Fifyw" {rN+ SInv}
  1443 | D:2      | Identified the amulet of Mij Ises {Acrobat rF- rN+ Int+4}
  1631 | D:2      | HP: 1/39 [orc/+0 short sword (1)]
  1631 | D:2      | Slain by an adder

Illustrated notes

Levels and vault maps discovered:
D:1:      dpeg_arrival_pits, layout_loops_ring, roderic_roman_lattice,
          chequers_serial_rivers_room_b
D:2:      layout_rooms, basic_altar, minmay_vboxes
D:3:      layout_basic, nemelex_altar_shiori, amcnicky_altar_gilded,
          nicolae_wu_jian_glorious_leap, st_stairs_11,
          nicolae_concentric_dashed_squares_mild

Skill      XL: |  1  2 |
---------------+-------+-----
Fire Magic     | 3 |  3.1
Spellcasting   | 2 |  2.2
Fighting       | |  4.0
Axes           | |  3.4

Action                   || total
-------------------------++-------
Melee: Hand axe          ||    81
       Punch             ||     1
 Cast: Scorch            ||     4
Armor: Robe              ||    29
Dodge: Dodged            ||    54
Block: Kite shield       ||     2
